 Dungeon Crawl Stone Soup version 0.27.1-33-g824d729ab1 (webtiles) character file.

Game seed: 3948159258704204410

777 zeram the Covert (level 7, 0/49 HPs)
             Began as a Spriggan Brigand on Dec 31, 2021.
             Succumbed to a water moccasin's poison
             ... on level 4 of the Dungeon.
             The game lasted 00:13:10 (6538 turns).

zeram the Covert (Spriggan Brigand)                 Turns: 6538, Time: 00:13:10

Health: 0/49       AC: 23    Str:  7    XL:     7   Next: 54%
Magic:  8/8        EV:  4    Int: 14    God:
Gold:   130        SH:  0    Dex: 17    Spells: 6/6 levels left

rFire    . . .     SeeInvis +   i - +2 dagger (elec)
rCold    . . .     Faith    .   (shield restricted)
rNeg     + + +     Spirit   .   (armour currently unavailable)
rPois    +         Reflect  .   (helmet currently unavailable)
rElec    .         Harm     .   (cloak currently unavailable)
rCorr    .         Rampage  .   (gloves unavailable)
Will     +....     NoTele   +   (boots unavailable)
Stlth    +++++.....             (no amulet)
HPRegen  0.16/turn              (no ring)
MPRegen  0.11/turn              (no ring)

@: mighty, lethally poisoned (0 -> -3), tree-form
A: stationary, stasis, torment immunity, boosted hp, very small, no large
weapons, unfitting armour, see invisible, (speed 3)
a: no special abilities


You were on level 4 of the Dungeon.
You were a tree.
You visited 1 branch of the dungeon, and saw 5 of its levels.

You collected 130 gold pieces.

Inventory:

Hand Weapons
 a - a +2 dagger
 i - a +2 dagger of electrocution (weapon)
Missiles
 d - 19 poisoned darts (quivered)
 e - 2 curare-tipped darts
Armour
 b - a +0 robe (melded)
 c - a +0 cloak (melded)
Wands
 g - a wand of polymorph (7)
Scrolls
 j - a scroll of fear
 l - 2 scrolls of teleportation
 n - a scroll of identify
Potions
 f - a potion of flight
 h - a potion of lignification
 k - a potion of magic


   Skills:
 - Level 1.5 Fighting
 - Level 2.1 Short Blades
 - Level 2.0 Throwing
 + Level 6.0 Dodging
 + Level 12.2 Stealth


You had 6 spell levels left.
You didn't know any spells.
Your spell library was empty.

Dungeon Overview and Level Annotations

Branches:
Dungeon (5/15)
 Temple: D:4-7

Altars:
Cheibriados
Elyvilon
Makhleb


Innate Abilities, Weirdness & Mutations

You are a tree.
Your roots penetrate the ground, keeping you stationary.
You cannot be teleported.
You are immune to unholy pain and torment.
Your maximum health is greatly increased.
Your equipment is partially melded.
You are very small and have problems with some larger weapons.
You are too small for most types of armour.
You have supernaturally acute eyesight. (SInv)
((You cover ground extremely quickly. (Speed+++)))


Message History

You feel very sick. The water moccasin misses you.
You are too injured to fight recklessly!
Really quaff the potion of lignification?
You turn into a tree.
Your +0 cloak melds into your body.
Your +0 robe melds into your body.
Your roots penetrate the ground.
* * * LOW HITPOINT WARNING * * *
You feel very sick.
The water moccasin bites you but does no damage.
You feel very mighty all of a sudden.
* * * LOW HITPOINT WARNING * * *
You feel very sick. The water moccasin bites you.
* * * LOW HITPOINT WARNING * * *
The water moccasin bites you but does no damage.
You hit the water moccasin.
The water moccasin is heavily wounded.
* * * LOW HITPOINT WARNING * * *
You feel very sick. The water moccasin barely misses you.
You barely miss the water moccasin.
The water moccasin is heavily wounded.
* * * LOW HITPOINT WARNING * * *
You feel sick.
The water moccasin bites you but does no damage.
You hit the water moccasin.
Lightning courses through the water moccasin!
You kill the water moccasin!
* * * LOW HITPOINT WARNING * * *
You feel sick.
Your Dodging skill increases to level 6!
Your Stealth skill increases to level 12!
There is a lethal amount of poison in your body!
There is a lethal amount of poison in your body!
Unknown command.
* * * LOW HITPOINT WARNING * * *
You feel sick.
* * * LOW HITPOINT WARNING * * *
You feel sick.
You die...

################..#.# #.##.#
....................# #.##.#
...########.####..### #.##.#
##.# ####.# #...#### #.##.#
#.# #....# #......# #.##.###
#.# ###.#..## #...##.#
#.##<... ##.###...#...#
#.####.####.######
.......#####.###...........#
##.###.).#.....†♣.###.##.###
#.# ###<#......#####.##.#
##.# #..............##.#
##.#
#..#.###.########.########
...#####..#.# #.#
#.......... #####.....#.#
#.# #.#.#######
####...#..#.###.## #.#.#
..........#......# #.#.#
.###>..#..#####..# #...#


There were no monsters in sight!

Vanquished Creatures
  A water moccasin (D:4)
  A bullfrog (D:5)
  A water moccasin skeleton (D:4)
  A howler monkey (D:4)
  A centaur zombie (D:5)
  A bullfrog skeleton (D:5)
  2 orc priests
  A jelly (D:4)
  4 orc wizards
  An iguana (D:5)
  5 gnolls
  6 adders
  4 worms
  10 dart slugs
  17 orcs
  6 endoplasms
  4 giant cockroaches
  6 goblins
  8 hobgoblins
  8 jackals
  4 quokkas
  2 ball pythons (D:4)
  A bat (D:3)
  4 frilled lizards
  8 kobolds
  8 rats
  A spectral hobgoblin (D:2)
116 creatures vanquished.

Notes
Turn   | Place    | Note
-------+----------+-------------------------------------------
     0 | D:1      | zeram the Spriggan Brigand began the quest for the Orb.
     0 | D:1      | Reached XP level 1. HP: 10/10 MP: 2/2
   373 | D:1      | Reached XP level 2. HP: 6/14 MP: 3/3
   669 | D:1      | Reached skill level 6 in Stealth
  1273 | D:2      | Reached XP level 3. HP: 18/18 MP: 4/4
  1283 | D:2      | Reached skill level 7 in Stealth
  1790 | D:1      | Reached XP level 4. HP: 7/22 MP: 5/5
  1795 | D:1      | Reached skill level 8 in Stealth
  2290 | D:2      | Found a faded altar of an unknown god.
  2345 | D:2      | Reached XP level 5. HP: 25/25 MP: 6/6
  2406 | D:2      | Reached skill level 9 in Stealth
  2505 | D:2      | Found a white marble altar of Elyvilon.
  4381 | D:4      | Reached skill level 10 in Stealth
  4395 | D:4      | Reached XP level 6. HP: 30/30 MP: 7/7
  5564 | D:5      | Entered Level 5 of the Dungeon
  5564 | D:5      | Found a snail-covered altar of Cheibriados.
  5564 | D:5      | Found a burning altar of Makhleb.
  5570 | D:5      | Reached skill level 11 in Stealth
  5589 | D:5      | Reached skill level 5 in Dodging
  5589 | D:5      | Reached XP level 7. HP: 26/33 MP: 8/8
  6536 | D:4      | Reached skill level 12 in Stealth
  6537 | D:4      | HP: 1/49 [poisoned by a water moccasin]
  6538 | D:4      | Succumbed to a water moccasin's poison

Illustrated notes

Levels and vault maps discovered:
D:1:      lightli_arrival_statue_moat, layout_loops_corners,
          kennysheep_crisscross, moated_statue
D:2:      layout_loops_ring, basic_altar,
          dreamdust_ecumenical_altar_drowned_temple
D:3:      kennysheep_slugbush, layout_loops_cross, minmay_box_of_dots
D:4:      layout_loops_ring
D:5:      layout_rooms, chequers_temple_overflow_statue_of_worship,
          minmay_temple_entry_statues_fountains, chequers_serial_rivers_small_b,
          minmay_hedge_maze

Skill      XL: |  1  2  3  4  5  6  7 |
---------------+----------------------+-----
Dodging        | 3 5 6 |  6.0
Stealth        | 6 7 8 10 11 12 | 12.2
Fighting       | |  1.5
Short Blades   | |  2.1
Throwing       | |  2.0

Action                   |  1- 3 |  4- 6 |  7- 9 || total
-------------------------+-------+-------+-------++-------
Melee: Dagger            |    66 |   199 |    51 ||   316
Throw: Dart              |       |    17 |       ||    17
  Use: Scroll            |       |    10 |       ||    10
       Potion            |       |       |     2 ||     2
 Stab: Sleeping          |    15 |    27 |       ||    42
       Distracted        |       |     2 |     2 ||     4
Armor: Robe              |     7 |    15 |     8 ||    30
       Skin              |       |       |     3 ||     3
Dodge: Dodged            |    36 |   140 |    76 ||   252
